 Dungeon Crawl Stone Soup version 0.22.0-60-ga52c2fc (webtiles) character file.

245279 Monsterracer the Warrior (level 19, -12/185 HPs)
             Began as a Hill Orc Fighter on Sept 9, 2018.
             Was the Champion of Elyvilon.
             Killed from afar by a war gargoyle (illusionary) (27 damage)
             ... with a spray of metal splinters
             ... on level 1 of the Vaults.
             The game lasted 01:08:59 (54931 turns).

Monsterracer the Warrior (Hill Orc Fighter)        Turns: 54931, Time: 01:09:00

Health: -12/185    AC: 25    Str: 25    XL:     19   Next: 47%
Magic:  32/32      EV: 14    Int:  8    God:    Elyvilon [******]
Gold:   3069       SH: 23    Dex: 12    Spells: 18/18 levels left

rFire    . . .     SeeInvis .   a - +4 broad axe (venom)
rCold    . . .     Gourm    .   Q - +0 large shield
rNeg     . . .     Faith    .   D - +0 swamp dragon scales
rPois    +         Spirit   .   J - +2 hat
rElec    .         Reflect  +   A - +2 cloak
rCorr    .         Harm     .   t - +2 pair of gloves
MR       ++...                  n - +2 pair of boots {run}
Stlth    +.........             T - +2 amulet of reflection
HPRegen  0.40/turn              Y - ring of protection from magic {!d}
MPRegen  0.23/turn              S - +2 ring of slaying

@: quick
A: no striking features
}: 2/15 runes: decaying, gossamer
a: Lesser Healing, Heal Other, Purification, Greater Healing, Divine Vigour,
Divine Protection, Renounce Religion


You were on level 1 of the Vaults.
You worshipped Elyvilon.
Elyvilon was exalted by your worship.
You were hungry.

You visited 7 branches of the dungeon, and saw 33 of its levels.

You collected 3608 gold pieces.
You spent 539 gold pieces at shops.

Inventory:

Hand Weapons
 a - a +4 broad axe of venom (weapon)
 b - a +4 flail of freezing
Missiles
 x - 2 throwing nets (quivered)
Armour
 n - a +2 pair of boots of running (worn)
 t - a +2 pair of gloves (worn)
 A - a +2 cloak (worn)
 C - a +0 plate armour
 D - +0 swamp dragon scales (worn)
 J - a +2 hat (worn)
 Q - a +0 large shield (worn)
 W - +0 ice dragon scales
 X - +0 fire dragon scales
Jewellery
 l - an uncursed ring of ice
 y - an uncursed ring of positive energy
 z - an uncursed ring of protection from fire {!d}
 G - an uncursed ring of poison resistance {!d}
 M - an uncursed ring of flight
 O - an uncursed ring of see invisible
 P - an uncursed ring of resist corrosion
 S - a +2 ring of slaying (right hand)
 T - a +2 amulet of reflection (around neck)
 Y - a ring of protection from magic (left hand) {!d}
Wands
 e - a wand of acid (37)
 f - a wand of digging (15)
 H - a wand of iceblast (17)
 N - a wand of flame (30)
Scrolls
 g - a scroll of blinking
 k - 2 scrolls of fear {!r}
 m - 16 scrolls of identify
 s - 8 scrolls of teleportation {!r}
 v - 9 scrolls of remove curse
 F - 4 scrolls of magic mapping {!r}
 L - 3 scrolls of fog
 U - 5 scrolls of enchant armour
Potions
 d - 8 potions of might
 h - 9 potions of flight
 i - 5 potions of mutation {!q}
 j - 3 potions of brilliance
 o - 3 potions of curing
 p - 2 potions of agility
 q - 3 potions of magic
 r - 4 potions of berserk rage {!q}
 u - 7 potions of haste
 w - 2 potions of lignification
 B - 3 potions of heal wounds
 E - 2 potions of ambrosia {!q}
 I - a potion of resistance
 K - 3 potions of invisibility
Comestibles
 c - 53 rations


   Skills:
 + Level 20.2 Fighting
 - Level 18.0 Axes
 + Level 15.4 Armour
 + Level 9.5 Dodging
 + Level 15.1 Shields
 * Level 19.1 Invocations


You had 18 spell levels left.
You didn't know any spells.
Your spell library contained the following spells:

 Spells                   Type           Power        Failure   Level  Hunger
 Confusing Touch          Hex            #.....       91%         1    ##.....
 Corona                   Hex            #......      91%         1    ##.....
 Flame Tongue             Conj/Fire      #....        91%         1    ##.....
 Freeze                   Ice            #...         91%         1    ##.....
 Shock                    Conj/Air       #...         91%         1    ##.....
 Sting                    Conj/Pois      #...         91%         1    ##.....
 Corpse Rot               Necr           N/A          97%         2    ###....
 Poisonous Vapours        Pois/Air       #.....       97%         2    ###....
 Slow                     Hex            #.......     97%         2    ###....
 Swiftness                Chrm/Air       #.......     97%         2    ###....
 Throw Flame              Conj/Fire      #.....       97%         2    ###....
 Throw Frost              Conj/Ice       #.....       97%         2    ###....
 Confuse                  Hex            #.......     99%         3    ####...
 Conjure Flame            Conj/Fire      #.......     99%         3    ####...
 Gell's Gravitas          Tloc           #.........   99%         3    ####...
 Ignite Poison            Fire/Tmut/Pois #.......     99%         3    ####...
 Inner Flame              Hex/Fire       #.......     99%         3    ####...
 Mephitic Cloud           Conj/Pois/Air  #.......     99%         3    ####...
 Ozocubu's Armour         Chrm/Ice       #.......     99%         3    ####...
 Portal Projectile        Hex/Tloc       #.....       99%         3    ####...
 Static Discharge         Conj/Air       #.......     99%         3    ####...
 Stone Arrow              Conj/Erth      #.....       99%         3    ####...
 Airstrike                Air            #.........   100%        4    #####..
 Cause Fear               Hex            #.........   100%        4    #####..
 Leda's Liquefaction      Hex/Erth       #.........   100%        4    #####..
 Olgreb's Toxic Radiance  Pois           #.......     100%        4    #####..
 Petrify                  Tmut/Erth      #.......     100%        4    #####..
 Sticky Flame             Conj/Fire      #.......     100%        4    #####..
 Summon Ice Beast         Ice/Summ       #.......     100%        4    #####..
 Throw Icicle             Conj/Ice       #.......     100%        4    #####..
 Fireball                 Conj/Fire      #.........   100%        5    ######.
 Lightning Bolt           Conj/Air       #.........   100%        5    ######.
 Metabolic Englaciation   Hex/Ice        #.........   100%        5    ######.
 Silence                  Hex/Air        #.........   100%        5    ######.
 Summon Forest            Summ/Tloc      #.........   100%        5    ######.
 Venom Bolt               Conj/Pois      #.........   100%        5    ######.
 Yara's Violent Unravell  Hex/Tmut       #.........   100%        5    ######.
 Deflect Missiles         Chrm/Air       #.........   100%        6    #######
 Dispersal                Tloc           #.........   100%        6    #######
 Hydra Form               Tmut           #.........   100%        6    #######
 Summon Hydra             Summ           #.........   100%        7    #######
 Controlled Blink         Tloc           N/A          100%        8    #######
 Discord                  Hex            #.........   100%        8    #######


Dungeon Overview and Level Annotations

Branches:
Dungeon (15/15)            Temple (1/1) D:6            Lair (6/6) D:10
  Swamp (4/4) Lair:4       Spider (4/4) Lair:2        Slime (0/5) Lair:5
    Orc (2/2) D:12            Elf (0/3) Orc:2        Vaults (1/5) D:13
 Depths (0/5) D:15

Altars:
Ashenzari
Cheibriados
Dithmenos
Elyvilon
Fedhas
Gozag
Hepliaklqana
Kikubaaqudgha
Makhleb
Nemelex Xobeh
Okawaru
Qazlal
Ru
Sif Muna
Trog
Uskayaw
Vehumet
Wu Jian
Xom
Yredelemnul
Zin
The Shining One
Beogh
Jiyva

Shops:
D:6 (   D:9 %   Orc:2 =%*=

Annotations:
Swamp:4 exclusion: oklob plant
Spider:1 TotesWizzard's ghost, journeyman HOBe


Message History

The rakshasa closely misses you. You block the yaktaur's attack.
You chop the yaktaur into pieces!!!
You kill the yaktaur!
You hit the ironbrand convoker but do no damage.
The ironbrand convoker is poisoned.
You slash the war gargoyle!
The war gargoyle launches metal splinters at you.
The spray of metal splinters hits you!
You block the ironbrand convoker's attack.
The ironbrand convoker casts a spell at the war gargoyle.
The war gargoyle seems to grow stronger.
You block the rakshasa's attack. You block the war gargoyle's attack.
You take 13 damage, and have 127/185 hp.
You are too injured to fight recklessly!
You are too injured to fight recklessly!
You are too injured to fight recklessly!
You hit the war gargoyle.
The war gargoyle is moderately damaged.
You barely miss the ironbrand convoker.
You block the ironbrand convoker's attack.
You block the war gargoyle's attack.
You slash the ironbrand convoker!
The ironbrand convoker is poisoned.
The ironbrand convoker is lightly wounded.
You slash the ironbrand convoker!
The ironbrand convoker looks as sick as possible!
You hit the war gargoyle. You block the rakshasa's attack.
The ironbrand convoker hits you but does no damage.
You slice the ironbrand convoker!!
The ironbrand convoker looks as sick as possible!
The ironbrand convoker is severely wounded.
You slash the ironbrand convoker! You barely miss the war gargoyle.
The war gargoyle launches metal splinters at you.
The spray of metal splinters misses you.
The ironbrand convoker hits you but does no damage.
You block the rakshasa's attack. The war gargoyle completely misses you.
You slice the ironbrand convoker!!
You kill the ironbrand convoker!
You hit the ironbrand convoker.
The ironbrand convoker looks as sick as possible!
You hit the war gargoyle.
The ironbrand convoker hits you with a dire flail!!
You block the war gargoyle's attack.
The rakshasa weaves an illusion.
The war gargoyle shimmers and seems to become two!
You take 20 damage, and have 108/185 hp.
You block the ironbrand convoker's attack.
You block the war gargoyle's attack. x2
Items here: ( ))) [[ ††† You hit the war gargoyle.
The war gargoyle is moderately damaged.
You slice the ironbrand convoker!!
You kill the ironbrand convoker!
You slice the rakshasa!!
The rakshasa is poisoned.
You hit the war gargoyle but do no damage.
The rakshasa weaves an illusion.
The war gargoyle shimmers and seems to become two!
You block the war gargoyle's attack.
You slash the war gargoyle!
The war gargoyle is moderately damaged.
You closely miss the rakshasa.
You hit the war gargoyle but do no damage.
You block the war gargoyle's attack. You block the rakshasa's attack.
You block the war gargoyle's attack.
The war gargoyle hits you with a dire flail!!
* * * LOW HITPOINT WARNING * * *
You take 22 damage, and have 87/185 hp.
You slice the rakshasa!!
The rakshasa is almost dead.
You hit the war gargoyle.
You hit the war gargoyle but do no damage. x2
The war gargoyle hits you with a dire flail!!
* * * LOW HITPOINT WARNING * * *
You hear a distant "Zot"!
The war gargoyle hits you with a dire flail!
* * * LOW HITPOINT WARNING * * *
The rakshasa weaves an illusion.
The war gargoyle shimmers and seems to become two!
The war gargoyle closely misses you.
You take 26 damage, and have 61/185 hp.
The injured rakshasa weaves a defensive illusion!
The war gargoyle launches metal splinters at you.
The spray of metal splinters hits you!
* * * LOW HITPOINT WARNING * * *
You block the war gargoyle's attack.
The war gargoyle hits you with a dire flail!!
* * * LOW HITPOINT WARNING * * *
You take 46 damage, and have 15/185 hp.
MASSIVE DAMAGE!!
Blink to where?
Press: ? - help, Dir - move target cursor You can't see that place. [the floor.]
Okay, then.
Really read
k - 3 scrolls of fear {!r}?
As you read the scroll of fear {!r}, it crumbles to dust.
You assume a fearsome visage.
The war gargoyle is unaffected. x3
The rakshasa is unaffected. x3; The war gargoyle is unaffected.
The rakshasa blinks!
You block the war gargoyle's attack. The war gargoyle closely misses you.
The war gargoyle launches metal splinters at you.
The spray of metal splinters hits you!
You die...

#..#...#. #......#.
######## #......#.
#......# #..#)..#.
#.RR...# #..#...#.
#......# #......#.
#...R.9# #######'######
#....99# #.......#
#....9@###.......######
#.....)'....###....'...
########....# #....#...
#..### ###..#... #..#
#..#... #..###
###..#... #....#
#....#...
#....###....#...
###.......###...


You could see 3 rakshasas and 4 war gargoyles.

Vanquished Creatures
  A bone dragon (Swamp:4)
  Arachne (Spider:4)
  The ghost of Lew the Severer, an adept MiFi of Okawaru (Swamp:4)
  The ghost of Vuhed the Warrior, an adept FoFi of Yredelemnul (Swamp:3)
  A thorn hunter (Swamp:4)
  A vault warden (Vaults:1)
  An orc warlord (Orc:1)
  4 ghost moths (Spider:4)
  8 emperor scorpions
  2 ironheart preservers (Vaults:1)
  A stone giant (Orc:2)
  4 entropy weavers
  The ghost of skk the Thaumaturge, a journeyman DsEE of Cheibriados (Lair:4)
  A deep elf demonologist (Vaults:1)
  A deep elf annihilator (Vaults:1)
  5 spark wasps
  A deep elf death mage (Vaults:1)
  Snorg (Orc:2)
  Josephine (D:10)
  Fannar (D:10)
  2 fire dragons
  A yaktaur captain (Vaults:1)
  An ice dragon (D:15)
  13 hydras
  8 vault guards (D:13)
  7 centaur warriors
  4 ghost crabs
  15 alligators
  A tengu warrior (D:14)
  3 ogre magi (Vaults:1)
  2 death knights
  13 death yaks
  11 two-headed ogres
  A dancing weapon (Swamp:4)
  2 orc high priests (Orc:1)
  3 deep elf knights (Vaults:1)
  Nergalle (Lair:3)
  5 skeletal warriors (Vaults:1)
  A wizard (Swamp:4)
  3 spriggan druids
  8 ironbrand convokers (Vaults:1)
  The ghost of Anon1729 the Chopper, a novice NaGl (D:6)
  A deep elf archer (Vaults:1)
  An unseen horror (Vaults:1)
  5 swamp dragons
  3 spectral hydras (Swamp:4)
  3 orc knights
  3 phantasmal warriors
  An orc sorcerer (Orc:1)
  14 orb spiders
  3 manticores
  10 ugly things
  3 deep elf magi (Vaults:1)
  6 cyclopes
  4 oklob plants
  23 wolf spiders
  5 moths of wrath
  Joseph (D:10)
  10 black mambas
  A guardian serpent (Lair:6)
  3 vault sentinels (Vaults:1)
  4 gargoyles
  A kobold demonologist (D:13)
  25 spiny frogs
  5 torpor snails
  4 centaur skeletons
  3 yaktaurs (Vaults:1)
  A rime drake (Lair:5)
  2 freezing wraiths (D:15)
  3 swamp worm zombies (Swamp:4)
  8 komodo dragons
  8 demonic crawlers
  10 polar bears
  8 trolls
  4 hydra zombies (Swamp:4)
  31 jumping spiders
  17 hornets
  18 slime creatures
  3 raiju (Lair:6)
  15 tyrant leeches
  12 bog bodies
  27 blink frogs
  Prince Ribbit (D:5)
  3 alligator zombies (Swamp:4)
  11 hippogriffs
  4 shadows
  3 spectral swamp dragons (Swamp:4)
  31 tarantellas
  A centaur simulacrum (D:15)
  53 redbacks
  4 spriggans
  9 wyverns
  Eustachio (D:4)
  35 yaks
  7 wraiths
  Sigmund (D:4)
  2 basilisks
  2 hogs (shapeshifter) (Vaults:1)
  A hungry ghost (D:15)
  19 vampire mosquitoes
  Menkaure (D:4)
  14 swamp worms
  6 wargs
  8 insubstantial wisps (Swamp:4)
  17 water moccasins
  14 hell hounds (Lair:6)
  4 porcupines
  7 swamp drakes
  An ice beast (D:10)
  42 orc warriors
  9 phantoms
  5 sky beasts
  14 black bears
  10 ogres
  23 wolves
  3 necrophages
  3 swamp dragon zombies (Swamp:4)
  21 centaurs
  12 crocodiles
  2 big kobolds
  A gnoll sergeant (D:7)
  20 bullfrogs
  A glowing shapeshifter simulacrum (Vaults:1)
  9 killer bees
  6 scorpions
  25 wights
  2 electric eels
  3 howler monkeys (D:10)
  7 crimson imps
  6 centaur zombies
  A lava snake (Lair:4)
  5 hounds
  2 quasits
  A bullfrog zombie (D:11)
  2 bullfrog skeletons
  14 orc priests
  Ijyb (D:4)
  6 iguanas
  32 orc wizards
  A spectral swamp drake (Swamp:4)
  7 worker ants
  2 hound skeletons
  A worker ant zombie (D:6)
  8 adders
  A howler monkey skeleton (D:4)
  7 gnolls (D:7)
  A swamp drake zombie (Swamp:4)
  4 shadow imps
  4 oozes
  2 adder skeletons
  6 worms
  2 dart slugs (D:1)
  3 leopard geckos
  93 orcs
  3 ball pythons
  8 giant cockroaches
  10 goblins
  6 hobgoblins
  7 jackals
  4 quokkas
  16 bats
  6 frilled lizards
  17 kobolds
  3 quokka skeletons
  9 rats
  A butterfly (D:2)
  3 fungi (Lair:6)
  4 plants
1240 creatures vanquished.

Vanquished Creatures (others)
  A hornet (Swamp:3)
  2 bog bodies (Swamp:4)
  2 spriggans (Swamp:3)
  An orc (Orc:2)
  20 fungi
  62 plants
88 creatures vanquished.

Grand Total: 1328 creatures vanquished

Notes
Turn   | Place    | Note
-------+----------+-------------------------------------------
     0 | D:1      | Monsterracer the Hill Orc Fighter began the quest for the
                  | Orb.
     0 | D:1      | Reached XP level 1. HP: 19/19 MP: 1/1
    73 | D:1      | Reached XP level 2. HP: 26/26 MP: 2/2
   361 | D:1      | Reached XP level 3. HP: 31/31 MP: 3/3
   715 | D:1      | Reached skill level 5 in Axes
  1054 | D:2      | Reached XP level 4. HP: 40/40 MP: 4/4
  1092 | D:2      | HP: 17/40 [worm (10)]
  1097 | D:2      | HP: 9/40 [crimson imp (4)]
  1099 | D:2      | Reached skill level 4 in Fighting
  1401 | D:2      | Identified a +2 pair of boots of running (You found it on
                  | level 2 of the Dungeon)
  1568 | D:2      | Found a shimmering altar of Xom.
  1617 | D:2      | Reached XP level 5. HP: 43/46 MP: 5/5
  2550 | D:3      | Found a bloodstained altar of Trog.
  2854 | D:4      | Noticed Sigmund
  2866 | D:4      | Killed Sigmund
  2866 | D:4      | Reached XP level 6. HP: 50/53 MP: 6/6
  2873 | D:4      | Noticed a phantom
  2890 | D:4      | Killed a phantom
  2973 | D:4      | Noticed a phantom
  2975 | D:4      | Noticed Ijyb
  2994 | D:4      | Killed Ijyb
  3002 | D:4      | Killed a phantom
  3002 | D:4      | Reached skill level 5 in Fighting
  3002 | D:4      | Reached XP level 7. HP: 50/61 MP: 7/7
  3115 | D:4      | HP: 29/61 [scorpion (6)]
  3120 | D:4      | HP: 27/61 [poisoned by a scorpion]
  3128 | D:4      | HP: 26/61 [poisoned by a scorpion]
  3136 | D:4      | HP: 26/61 [poisoned by a scorpion]
  3479 | D:4      | Noticed Eustachio
  3502 | D:4      | Killed Eustachio
  3502 | D:4      | Reached skill level 5 in Armour
  3502 | D:4      | Reached skill level 5 in Shields
  3586 | D:4      | Reached XP level 8. HP: 70/70 MP: 8/8
  3809 | D:4      | Noticed Menkaure
  3812 | D:4      | HP: 31/70 [??? (28)]
  3813 | D:4      | Killed Menkaure
  4051 | D:5      | Entered Level 5 of the Dungeon
  4236 | D:5      | Reached skill level 6 in Fighting
  4411 | D:5      | Found a shattered altar of Ashenzari.
  4566 | D:5      | Noticed Prince Ribbit
  4574 | D:5      | HP: 33/70 [Prince Ribbit (5)]
  4581 | D:5      | HP: 21/70 [Prince Ribbit (14)]
  4582 | D:5      | HP: 7/70 [Prince Ribbit (14)]
  4990 | D:5      | Killed Prince Ribbit
  5728 | D:6      | Found a basalt altar of Yredelemnul.
  5776 | D:6      | Reached skill level 10 in Axes
  5832 | D:6      | Found Dogoteur's Weapon Emporium.
  5904 | D:6      | Reached XP level 9. HP: 72/78 MP: 9/9
  6116 | D:6      | Found a glowing silver altar of Zin.
  6147 | D:6      | Found a runed gate.
  6160 | D:6      | Reached skill level 7 in Fighting
  6290 | D:6      | Found a runed gate.
  6290 | D:6      | Found a runed gate.
  6290 | D:6      | Noticed Anon1729's ghost (novice NaGl)
  6441 | D:6      | Found a staircase to the Ecumenical Temple.
  6452 | Temple   | Entered the Ecumenical Temple
  6474 | Temple   | Became a worshipper of Elyvilon the Healer
  6637 | D:6      | Upgraded the game from 0.22.0-49-gab54619 to
                  | 0.22.0-60-ga52c2fc
  6858 | D:7      | Reached skill level 1 in Invocations
  6860 | D:7      | HP: 38/79 [gnoll sergeant/spear (5)]
  6864 | D:7      | HP: 14/79 [wight/halberd (8)]
  7429 | D:7      | Found a white marble altar of Elyvilon.
  7608 | D:7      | Found an ancient bone altar of Kikubaaqudgha.
  7608 | D:7      | Found a sacrificial altar of Ru.
  7926 | D:8      | Reached * piety under Elyvilon
  8021 | D:8      | Reached XP level 10. HP: 65/88 MP: 12/12
  8028 | D:8      | Reached skill level 8 in Fighting
  8929 | D:8      | Noticed a two-headed ogre
  8936 | D:8      | HP: 41/89 [two-headed ogre/giant club (8)]
  8938 | D:8      | Killed a two-headed ogre
  8938 | D:8      | Reached skill level 5 in Invocations
  9599 | D:9      | Found an opulent altar of Gozag.
  9755 | D:9      | Reached ** piety under Elyvilon
  9790 | D:9      | Identified the Guide on the Fiery Compass
  9823 | D:9      | Found Vuplelae's Food Emporium.
 10092 | D:9      | Reached skill level 9 in Fighting
 10106 | D:9      | HP: 45/91 [poisoned by a killer bee]
 10112 | D:9      | HP: 44/91 [poisoned by a killer bee]
 10118 | D:9      | HP: 43/91 [poisoned by a killer bee]
 10126 | D:9      | HP: 43/91 [poisoned by a killer bee]
 10359 | D:9      | Reached XP level 11. HP: 94/97 MP: 15/15
 10542 | D:10     | Entered Level 10 of the Dungeon
 10549 | D:10     | Noticed Fannar
 10576 | D:10     | Killed Fannar
 10582 | D:10     | Noticed a centaur warrior
 10592 | D:10     | HP: 48/97 [something (4)]
 10829 | D:10     | Killed a centaur warrior
 10937 | D:10     | Found a staircase to the Lair.
 10987 | D:10     | Noticed Josephine
 11012 | D:10     | HP: 44/97 [Josephine/vampiric draining (10)]
 11016 | D:10     | HP: 20/97 [Josephine/vampiric draining (7)]
 11021 | D:10     | HP: 7/97 [Josephine/ghostly fireball (13)]
 11022 | D:10     | Killed Josephine
 11743 | D:10     | Reached *** piety under Elyvilon
 12071 | D:10     | Noticed Joseph
 12085 | D:10     | Killed Joseph
 12242 | Lair:1   | Entered Level 1 of the Lair of Beasts
 13288 | Lair:2   | Reached skill level 10 in Fighting
 13398 | Lair:2   | HP: 47/99 [komodo dragon (6)]
 13410 | Lair:2   | HP: 31/99 [komodo dragon (16)]
 13445 | Lair:2   | HP: 32/99 [blink frog (8)]
 13709 | Lair:1   | HP: 38/99 [komodo dragon (15)]
 13720 | Lair:1   | HP: 15/99 [blink frog (13)]
 13739 | Lair:1   | HP: 14/99 [blink frog (6)]
 13740 | Lair:1   | HP: 5/99 [blink frog (9)]
 14163 | Lair:2   | Reached XP level 12. HP: 88/106 MP: 17/17
 14234 | Lair:2   | Found a hole to the Spider Nest.
 14543 | Lair:2   | Reached **** piety under Elyvilon
 14561 | Lair:2   | Reached skill level 1 in Dodging
 15124 | Spider:1 | Entered Level 1 of the Spider Nest
 15351 | Lair:3   | Reached skill level 15 in Axes
 15435 | Lair:3   | Found a hazy altar of Hepliaklqana.
 15601 | Lair:3   | Reached ***** piety under Elyvilon
 16331 | Lair:3   | Noticed Nergalle
 16352 | Lair:3   | Killed Nergalle
 16685 | Lair:4   | Noticed a death yak
 16688 | Lair:4   | Noticed skk's ghost (journeyman DsEE)
 16695 | Lair:4   | Found a transporter.
 16729 | Lair:4   | Found a transporter.
 16842 | Lair:4   | Noticed a four-headed hydra
 16850 | Lair:4   | Killed a four-headed hydra
 17355 | Lair:4   | Found a staircase to the Swamp.
 17384 | Lair:4   | HP: 49/108 [swamp worm (11)]
 17392 | Lair:4   | HP: 32/108 [swamp worm (9)]
 17776 | Lair:5   | Reached skill level 10 in Shields
 17843 | Lair:4   | Reached skill level 10 in Armour
 18345 | Lair:5   | Noticed a death yak
 18345 | Lair:5   | Noticed a death yak
 18347 | Lair:5   | Noticed a death yak
 18378 | Lair:5   | Killed a death yak
 18378 | Lair:5   | Reached skill level 11 in Fighting
 18392 | Lair:5   | HP: 53/110 [death yak (17)]
 18403 | Lair:5   | Killed a death yak
 18403 | Lair:5   | Reached XP level 13. HP: 55/116 MP: 20/20
 18628 | Lair:5   | Found a viscous altar of Jiyva.
 18628 | Lair:5   | Found a staircase to the Slime Pits.
 18696 | Lair:5   | HP: 53/116 [seven-headed hydra (7)]
 18701 | Lair:5   | HP: 42/116 [seven-headed hydra (4)]
 19097 | Lair:5   | HP: 54/116 [death yak (7)]
 19128 | Lair:4   | HP: 55/116 [death yak (7)]
 19418 | Lair:5   | HP: 52/116 [death yak (19)]
 19875 | Lair:5   | Reached skill level 10 in Invocations
 19917 | Lair:5   | HP: 47/117 [death yak (17)]
 20431 | Lair:6   | Entered Level 6 of the Lair of Beasts
 20530 | Lair:6   | Reached skill level 12 in Fighting
 20962 | Lair:6   | HP: 59/119 [wyvern (8)]
 21488 | Lair:6   | HP: 53/119 [komodo dragon (10)]
 21496 | Lair:6   | HP: 34/119 [komodo dragon (18)]
 21537 | Lair:6   | HP: 26/119 [spiny frog (16)]
 21540 | Lair:6   | Reached XP level 14. HP: 28/127 MP: 22/22
 21548 | Lair:6   | HP: 24/127 [wyvern (6)]
 21861 | Lair:6   | Reached skill level 13 in Fighting
 22120 | Lair:6   | HP: 56/129 [torpor snail (9)]
 22126 | Lair:6   | HP: 54/129 [poisoned by a black mamba]
 22132 | Lair:6   | HP: 51/129 [poisoned by a black mamba]
 22141 | Lair:6   | HP: 52/129 [poisoned by a black mamba]
 22154 | Lair:6   | HP: 51/129 [spiny frog (4)]
 22444 | Lair:6   | Reached skill level 5 in Dodging
 22994 | Lair:6   | Reached ****** piety under Elyvilon
 23449 | Lair:6   | HP: 64/129 [raiju/living lightning (10)]
 23466 | Lair:6   | HP: 49/129 [black mamba (13)]
 23473 | Lair:6   | HP: 47/129 [hell hound (4)]
 24568 | Lair:6   | Reached skill level 14 in Fighting
 25781 | Lair:4   | HP: 66/133 [skk's ghost (7)]
 25792 | Lair:4   | HP: 57/133 [skk's ghost (2)]
 25805 | Lair:4   | HP: 51/133 [skk's ghost/stone arrow (10)]
 25818 | Lair:4   | HP: 45/133 [skk's ghost/stone arrow (10)]
 25828 | Lair:4   | HP: 11/133 [skk's ghost/stone arrow (20)]
 26568 | Lair:4   | Killed skk's ghost
 26935 | D:6      | Killed Anon1729's ghost
 27225 | D:11     | Reached skill level 15 in Fighting
 27731 | D:11     | Reached XP level 15. HP: 128/141 MP: 24/24
 28250 | D:12     | Found a staircase to the Orcish Mines.
 28279 | D:12     | HP: 60/141 [??? (58)]
 28286 | D:12     | HP: 18/141 [death knight/enchanted glaive (14)]
 29173 | Orc:1    | Entered Level 1 of the Orcish Mines
 29279 | Orc:1    | HP: 69/141 [chaos spawn[an orc high priest] (9)]
 29284 | Orc:1    | HP: 59/141 [orc high priest/nerve-wracking pain (10)]
 30036 | Orc:1    | Noticed an orc warlord
 30066 | Orc:1    | HP: 66/143 [orc warlord/enchanted arbalest (6)]
 30072 | Orc:1    | HP: 31/143 [orc warlord/enchanted arbalest (7)]
 30078 | Orc:1    | HP: 18/143 [orc warlord/enchanted arbalest (15)]
 30082 | Orc:1    | Killed an orc warlord
 30591 | Orc:2    | Entered Level 2 of the Orcish Mines
 30636 | Orc:2    | HP: 65/143 [stone giant/large rock (38)]
 30641 | Orc:2    | HP: 57/143 [stone giant (10)]
 30645 | Orc:2    | Reached skill level 16 in Fighting
 31104 | Orc:2    | Noticed Snorg
 31119 | Orc:2    | Killed Snorg
 31395 | Orc:2    | HP: 72/144 [orc warrior/uncursed broad axe (5)]
 31434 | Orc:2    | HP: 68/144 [orc warrior/battleaxe (13)]
 31534 | Orc:2    | HP: 72/144 [orc warrior/bolt (9)]
 31588 | Orc:2    | HP: 72/144 [orc warrior/trident (11)]
 31594 | Orc:2    | HP: 41/144 [orc knight/uncursed great mace (16)]
 31602 | Orc:2    | HP: 18/144 [orc/bolt (5)]
 32123 | Orc:2    | HP: 72/144 [orc knight/uncursed great mace (2)]
 32790 | Orc:2    | Found a roughly hewn altar of Beogh.
 32796 | Orc:2    | Found a staircase to the Elven Halls.
 32947 | Orc:2    | Found Wudil's Food Shop.
 32947 | Orc:2    | Found Ceodoq's General Store.
 32949 | Orc:2    | Found Jofo's Jewellery Emporium.
 32951 | Orc:2    | Found Xafamp's Jewellery Boutique.
 32968 | Orc:2    | Bought a +2 ring of slaying for 294 gold pieces
 32968 | Orc:2    | Bought a +2 amulet of reflection for 105 gold pieces
 32973 | Orc:2    | Bought a potion of haste for 140 gold pieces
 34005 | D:13     | Found a gate to the Vaults.
 34634 | D:14     | Reached XP level 16. HP: 154/154 MP: 26/26
 35344 | D:15     | Entered Level 15 of the Dungeon
 35357 | D:15     | Reached skill level 17 in Fighting
 35547 | D:15     | HP: 76/155 [freezing wraith[a death knight] (15)]
 36005 | D:15     | Found a glowing golden altar of the Shining One.
 36154 | D:15     | HP: 76/155 [fire dragon/blast of flame (21)]
 36160 | D:15     | HP: 66/155 [ice dragon (5)]
 36449 | D:15     | Found a staircase to the Depths.
 36726 | Swamp:1  | Entered Level 1 of the Swamp
 37438 | Swamp:1  | HP: 74/157 [alligator (6)]
 37447 | Swamp:1  | HP: 68/157 [slime creature (2)]
 38162 | Swamp:2  | Noticed Frances
 38166 | Swamp:2  | Pacified Frances
 38166 | Swamp:2  | Reached skill level 18 in Fighting
 38320 | Swamp:2  | HP: 77/157 [alligator[an alligator] (14)]
 38343 | Swamp:2  | HP: 72/157 [something] (5)]
 38348 | Swamp:2  | HP: 42/157 [ghost crab] (4)]
 39726 | Swamp:3  | HP: 76/159 [six-headed hydra[a spriggan druid] (12)]
 39733 | Swamp:3  | HP: 53/159 [tyrant leech[a spriggan druid] (17)]
 39744 | Swamp:2  | HP: 50/159 [tyrant leech[a spriggan druid] (6)]
 40213 | Swamp:3  | Found a large runed door.
 40214 | Swamp:3  | Found a large runed door.
 40218 | Swamp:3  | Noticed Vuhed's ghost (adept FoFi)
 40253 | Swamp:3  | Killed Vuhed's ghost
 40631 | Swamp:3  | HP: 76/159 [alligator (9)]
 41110 | Swamp:3  | Reached XP level 17. HP: 163/166 MP: 28/28
 41266 | Swamp:3  | Identified a scroll of acquirement
 41657 | Swamp:4  | Entered Level 4 of the Swamp
 42158 | Swamp:4  | Found a runed door.
 42159 | Swamp:4  | Found a shimmering altar of Xom.
 42159 | Swamp:4  | Noticed Lew's ghost (adept MiFi)
 42203 | Swamp:4  | Reached skill level 15 in Invocations
 42488 | Swamp:4  | HP: 74/166 [Lew's ghost (17)]
 42499 | Swamp:4  | Killed Lew's ghost
 43132 | Swamp:4  | Reached skill level 19 in Fighting
 44016 | Swamp:4  | HP: 82/168 [alligator (6)]
 44021 | Swamp:4  | HP: 47/168 [spectral eight-headed hydra (9)]
 44576 | Swamp:4  | HP: 84/168 [spectral eight-headed hydra (1)]
 44580 | Swamp:4  | HP: 39/168 [spectral eight-headed hydra (3)]
 44720 | Swamp:4  | HP: 81/168 [spectral eight-headed hydra (7)]
 44739 | Swamp:4  | HP: 76/168 [six-headed hydra (7)]
 44825 | Swamp:4  | HP: 81/168 [alligator zombie (7)]
 45041 | Swamp:4  | Noticed a bone dragon
 45061 | Swamp:4  | HP: 76/168 [bone dragon (14)]
 45093 | Swamp:4  | HP: 54/168 [bone dragon (8)]
 45105 | Swamp:4  | HP: 53/168 [bone dragon (5)]
 45123 | Swamp:4  | HP: 59/168 [bone dragon (2)]
 45163 | Swamp:4  | HP: 105/315 [bone dragon (11)]
 45168 | Swamp:4  | HP: 90/315 [bone dragon (13)]
 45176 | Swamp:4  | HP: 63/315 [bone dragon (12)]
 45181 | Swamp:4  | HP: 43/210 [bone dragon (1)]
 45183 | Swamp:4  | HP: 21/210 [bone dragon (2)]
 45185 | Swamp:4  | Killed a bone dragon
 46221 | Swamp:4  | Got a decaying rune of Zot
 46887 | Spider:1 | HP: 76/165 [wolf spider (11)]
 46896 | Spider:1 | HP: 65/165 [wolf spider (13)]
 46914 | Spider:1 | HP: 53/165 [moth of wrath (15)]
 46926 | Spider:1 | Got a crude war axe {chop}
 46929 | Spider:1 | Identified the +1 war axe "Xipod" {chop, *Contam rN+ Dex+6
                  | Stlth+} (You took it off an entropy weaver on level 1 of
                  | the Spider Nest)
 46961 | Spider:1 | HP: 59/165 [jumping spider (11)]
 46989 | Spider:1 | HP: 54/165 [jumping spider (13)]
 47354 | Spider:1 | Found a large runed door.
 47355 | Spider:1 | Found a large runed door.
 47357 | Spider:1 | Noticed TotesWizzard's ghost (journeyman HOBe)
 47372 | Spider:1 | HP: 50/165 [TotesWizzard's ghost (36)]
 47948 | Spider:2 | Got an iridescent shortbow
 48128 | Spider:2 | Reached XP level 18. HP: 172/173 MP: 30/30
 49036 | Spider:3 | HP: 85/173 [demonic crawler (2)]
 49041 | Spider:3 | HP: 38/176 [torpor snail (6)]
 49047 | Spider:3 | HP: 31/176 [demonic crawler (1)]
 50184 | Spider:4 | Entered Level 4 of the Spider Nest
 50282 | Spider:4 | HP: 86/177 [spark wasp/living lightning (19)]
 50895 | Spider:4 | HP: 114/240 [emperor scorpion (15)]
 50902 | Spider:4 | HP: 78/240 [emperor scorpion (6)]
 50910 | Spider:4 | HP: 67/240 [emperor scorpion (15)]
 50920 | Spider:4 | HP: 37/240 [disintegration (34)]
 51007 | Spider:4 | HP: 70/178 [tarantella (1)]
 51383 | Spider:4 | HP: 88/178 [poisoned by an emperor scorpion]
 51388 | Spider:4 | HP: 67/178 [poisoned by an emperor scorpion]
 51393 | Spider:4 | HP: 52/178 [poisoned by an emperor scorpion]
 51398 | Spider:4 | HP: 48/178 [poisoned by an emperor scorpion]
 51403 | Spider:4 | HP: 24/178 [poisoned by an emperor scorpion]
 51408 | Spider:3 | HP: 12/178 [poisoned by an emperor scorpion]
 51414 | Spider:3 | HP: 11/178 [poisoned by an emperor scorpion]
 51419 | Spider:3 | HP: 11/178 [poisoned by an emperor scorpion]
 51426 | Spider:3 | HP: 11/178 [poisoned by an emperor scorpion]
 51434 | Spider:3 | HP: 12/178 [poisoned by an emperor scorpion]
 52023 | Spider:4 | Noticed Arachne
 52059 | Spider:4 | Killed Arachne
 52071 | Spider:4 | Reached skill level 15 in Armour
 52596 | Spider:4 | Got a gossamer rune of Zot
 53124 | Vaults:1 | Entered Level 1 of the Vaults
 53148 | Vaults:1 | Reached XP level 19. HP: 111/184 MP: 32/32
 53280 | Vaults:1 | HP: 86/184 [deep elf knight/shard of ice (20)]
 53291 | Vaults:1 | HP: 79/184 [deep elf archer/uncursed dagger (11)]
 53303 | Vaults:1 | Reached skill level 20 in Fighting
 53548 | Vaults:1 | HP: 91/185 [deep elf demonologist/rapier[an ironheart
                  | preserver] (5)]
 53550 | Vaults:1 | HP: 44/185 [reaper/scythe of flaming[an ironheart
                  | preserver] (34)]
 53556 | Vaults:1 | Noticed an Ice Fiend
 54267 | Vaults:1 | Reached skill level 15 in Shields
 54361 | Vaults:1 | HP: 92/185 [orc knight/battleaxe (22)]
 54365 | Vaults:1 | HP: 44/185 [vault warden/dire flail of protection (29)]
 54453 | Vaults:1 | HP: 62/185 [deep elf mage/bolt of magma[an ironheart
                  | preserver] (30)]
 54458 | Vaults:1 | HP: 29/185 [earth elemental[an ironheart preserver] (13)]
 54928 | Vaults:1 | HP: 87/185 [war gargoyle/dire flail (22)]
 54930 | Vaults:1 | HP: 15/185 [war gargoyle (illusionary)/dire flail (30)]
 54931 | Vaults:1 | Killed from afar by a war gargoyle (illusionary)

Skill      XL: |  1  2  3  4  5  6  7  8  9 10 11 12 13 14 15 16 17 18 19 |
---------------+----------------------------------------------------------+-----
Axes           | 3 4 5 6 7 8 10 11 13 14 15 16 17 18 | 18.0
Fighting       | 4 5 6 7 9 10 11 12 15 16 18 19 20 | 20.2
Armour         | 4 5 6 7 8 9 10 11 12 13 14 15 | 15.4
Shields        | 4 5 6 7 8 9 10 11 12 13 14 15 | 15.1
Invocations    | 3 6 7 9 10 12 13 14 16 18 19 | 19.1
Dodging        | 2 4 6 8 9 |  9.5

Action                   |  1- 3 |  4- 6 |  7- 9 | 10-12 | 13-15 | 16-18 | 19-21 || total
-------------------------+-------+-------+-------+-------+-------+-------+-------++-------
Melee: War axe           |    99 |   156 |   344 |   824 |  1293 |       |       ||  2716
       Flail             |       |       |       |    47 |    65 |    53 |       ||   165
       Broad axe         |       |       |       |       |   362 |  1899 |   222 ||  2483
       Battleaxe         |       |       |       |       |   265 |       |       ||   265
Invok: Heal Other        |       |       |       |     1 |     6 |     2 |       ||     9
       Lesser Healing    |       |       |       |     1 |       |       |       ||     1
       Greater Healing   |       |       |       |       |     2 |     1 |     1 ||     4
       Divine Vigour     |       |       |       |       |       |     2 |       ||     2
       Purification      |       |       |       |       |       |     1 |       ||     1
Evoke: Wand              |       |       |       |     1 |       |     2 |       ||     3
  Use: Scroll            |       |     8 |    10 |     7 |     6 |    18 |     1 ||    50
       Potion            |       |       |       |     1 |       |     3 |       ||     4
 Stab: Confused          |       |       |       |       |       |     3 |       ||     3
  Eat: Chunk             |     1 |     5 |    13 |    25 |    35 |    37 |     7 ||   123
       Ration            |       |       |     1 |     2 |     6 |     7 |       ||    16
Armor: Scale mail        |    29 |       |       |       |       |       |       ||    29
       Ring mail         |    20 |    79 |    40 |       |       |       |       ||   139
       Chain mail        |       |       |   102 |   118 |       |       |       ||   220
       Plate armour      |       |       |       |   293 |   937 |   205 |       ||  1435
       Swamp dragon scal |       |       |       |       |       |   826 |    41 ||   867
       Skin              |       |       |       |       |       |    21 |       ||    21
Dodge: Dodged            |    40 |    58 |    84 |   169 |   604 |   738 |    54 ||  1747
Block: Shield            |    59 |    72 |   157 |   461 |   816 |   646 |       ||  2211
       Other             |       |       |       |       |     7 |       |       ||     7
       Reflection        |       |       |       |       |     6 |    22 |     6 ||    34
       Large shield      |       |       |       |       |       |  1244 |   158 ||  1402

Vault maps used:
D:1:      evilmike_arrival_come_back, minmay_tetromino_l2
D:2:      xom_butterflies
D:3:      lightli_temple_of_fire, first_ration
D:4:      uniq_menkaure, uniq_sigmund, uniq_ijyb, uniq_eustachio
D:5:      nicolae_ashenzari_panopticon, uniq_prince_ribbit1
D:6:      lemuel_doored_altar, lemuel_round_altar, lemuel_temple_firewalk_b,
          serial_shops, kennysheep_mini, ebering_ghost_rock_garden,
          serial_bayou_crossing
D:7:      chequers_temple_overflow_statue_of_worship, basic_altar,
          grunt_ogre_cave, minmay_a_box_with_orc_wizards_in_it
D:8:      serial_bayou_lagoon_a
D:9:      nicolae_gozag_seed_capital, serial_shops, nicolae_shop_trees,
          dk_noncrumbling_4
D:10:     lair_entry_dummy, grunt_ministairs_1, uniq_joseph, uniq_fannar,
          uniq_josephine
D:12:     orc_0_dummy
D:13:     erik_vaults_2
D:15:     grunt_enter_depths_hoard, hangedman_decor_points, tso_metal_star
Temple:   regret_index_temple_waves
Lair:1:   serial_bayou_shore_b
Lair:2:   nicolae_spider_entry_non_spiders, grunt_megastairs_5
Lair:3:   basic_altar, minivault_24, minmay_lair_oklob_chamber, uniq_nergalle
Lair:4:   minmay_swamp_entry_worms, gammafunk_ghost_arena, serial_bayou_shore_b
Lair:5:   dpeg_slime_entry_enclosed_altar, wad_woods_river_01,
          infiniplex_staircase_pool
Lair:6:   hangedman_lair_tendril_chambers, hangedman_lair_caniforms_friends,
          disabler_island
Swamp:1:  nicolae_swamp_orc_logging_accident, swamp_pool4
Swamp:2:  evilmike_swamp_ruin_house_1, uniq_frances
Swamp:3:  ebering_ghost_disaster_area, nicolae_swamp_treefoil
Swamp:4:  swamp_pestilence, ebering_ghost_xom, grunt_witch_cave
Spider:1: ebering_ghost_disaster_area
Spider:4: johnstein_spider_rune_arachne_lair
Orc:2:    st_orc_rangers, basic_altar, uniq_snorg
Vaults:1: v_misc_22, hangedman_vaults_trim, nicolae_vaults_network_s,
          st_squares, nicolae_vaults_specimen_jars, v_misc_12,
          hangedman_vaults_corner, v_misc_14, hangedman_vaults_snaps,
          nicolae_vaults_network_quinsquares, mu_enter_wizlab_4
